 Dungeon Sprint DCSS version 0.18.1-6-gd335043 (webtiles) character file.

6131 Groucho the Champion of Chaos (level 10, -29/87 HPs)
             Began as a Demonspawn Fighter on May 20, 2016.
             Was the Champion of Makhleb.
             Annihilated by an apis (30 damage)
             ... in the Dungeon (Sprint V: "Ziggurat Sprint").
             The game lasted 00:04:47 (571 turns).

Groucho the Champion of Chaos (Demonspawn Fighter)   Turns: 571, Time: 00:04:48

Health: -29/87     AC: 35    Str: 33    XL:     10   Next: 59%
Magic:  19/19      EV:  9    Int:  9    God:    Makhleb [******]
Gold:   0          SH: 32    Dex: 18    Spells: 0 memorised, 9 levels left

rFire  . . .     SeeInvis +     J - +14 obsidian axe {chop, +Fly Str+3 SInv *Curse} (curse)
rCold  . . .     Gourm    .     K - +15 Maxwell's patent armour {-Cast -Tele rElec MR+ rCorr}
rNeg   + . .     Faith    .     L - +18 shield of the gong {rElec rN+ MR+ EV-5}
rPois  .         Spirit   .     (no helmet)
rElec  +         Dismiss  .     c - +2 cloak "Qycyes" {Regen+ Dex+3}
rCorr  +         Reflect  .     (no gloves)
SustAt .         Harm     .     (no boots)
MR     ++...     NoTele   +     (no amulet)
Stlth  .......... NoCast   +    I - +6 ring of strength
                                H - +6 ring of strength

@: mesmerised, very slightly contaminated, hasted, glowing, studying Long
Blades, very quick, very resistant to hostile enchantments, extremely unstealthy
A: talons 2, slimy green scales 1, nightstalker 1
a: Minor Destruction, Lesser Servant of Makhleb, Major Destruction, Greater
Servant of Makhleb, Renounce Religion, Evoke Flight


You were in the Dungeon.
You worshipped Makhleb.
Makhleb was exalted by your worship.
You were not hungry.

You visited 1 branch

Inventory:

Hand Weapons
 J - the cursed +14 obsidian axe (weapon) {chop, +Fly Str+3 SInv *Curse}
   (You found it in the Dungeon)

   It inflicts extra damage upon your enemies.
   It affects your strength (+3).
   It lets you see invisible.
   It lets you fly.
   It may re-curse itself when equipped.
   It has a curse placed upon it.
Armour
 c - the +2 cloak "Qycyes" (worn) {Regen+ Dex+3}
   (You found it in the Dungeon)

   It affects your dexterity (+3).
   It increases your rate of regeneration.
 y - a +5 gold dragon armour
 K - the +15 Maxwell's patent armour (worn) {-Cast -Tele rElec MR+ rCorr}
   (You found it in the Dungeon)

   It insulates you from electricity.
   It affects your resistance to hostile enchantments.
   It prevents spellcasting.
   It prevents most forms of teleportation.
   It protects you from acid and corrosion.
 L - the +18 shield of the gong (worn) {rElec rN+ MR+ EV-5}
   (You found it in the Dungeon)

   It affects your evasion (-5).
   It insulates you from electricity.
   It protects you from negative energy.
   It affects your resistance to hostile enchantments.
Jewellery
 b - the amulet of Juheug {Harm *Drain rC- MP+9 Dex+7}
   (You found it in the Dungeon)

   [amulet of harm]

   It increases damage dealt and taken.
   It affects your dexterity (+7).
   It makes you vulnerable to cold.
   It affects your magic capacity (+9).
 D - a +6 ring of dexterity
 E - a +6 ring of dexterity
 H - a +6 ring of strength (left hand)
 I - a +6 ring of strength (right hand)
Wands
 z - a wand of disintegration (7/24)
 A - a wand of iceblast (5/15)
 B - a wand of lightning (5/15)
Scrolls
 k - 4 scrolls of blinking
 q - 4 scrolls of amnesia
 r - 3 scrolls of recharging
 s - 8 scrolls of fog
 t - 5 scrolls of identify
 u - 5 scrolls of remove curse
 v - 2 scrolls of fear
Potions
 d - 6 potions of might
 e - 10 potions of curing
 g - 10 potions of heal wounds
 h - 5 potions of haste
 i - 7 potions of magic
 j - 3 potions of berserk rage
 l - 2 potions of brilliance
 m - 2 potions of invisibility
 n - 4 potions of resistance
 o - a potion of experience
 p - 5 potions of agility
Books
 a - a manual of Long Blades
Comestibles
 f - 5 bread rations
 w - 42 fruits
 x - 4 meat rations


   Skills:
 * Level 11.0 Fighting
 * Level 9.9 Axes
 * Level 10.2 Armour
 * Level 9.7 Dodging
 * Level 10.1 Shields
 * Level 13.2 Invocations


You had 9 spell levels left.
You didn't know any spells.

Dungeon Overview and Level Annotations

Branches:
Dungeon (1/1)

Altars:
Ashenzari
Cheibriados
Dithmenos
Elyvilon
Fedhas
Gozag
Kikubaaqudgha
Makhleb
Nemelex Xobeh
Okawaru
Pakellas
Qazlal
Ru
Sif Muna
Trog
Vehumet
Xom
Yredelemnul
Zin
The Shining One
Beogh
Jiyva
Lugonu


Innate Abilities, Weirdness & Mutations

You have razor-sharp toenails.
You are partially covered in slimy green scales (AC +2).
You are slightly more attuned to the shadows.


Message History

You claw the apis, but do no damage.
The apis is moderately wounded.
You slash the apis!
The apis is almost dead.
You hit the cherub.
The cherub is lightly wounded.
You completely miss the daeva.
Visions of slaying the apis flood into your mind.
The cherub unwields an uncursed hunting sling.
The cherub wields an uncursed long sword of flaming.
It bursts into flame!
You block the cherub's attack.
PANG!
You block the cherub's attack.
SHROANNG!
The daeva hits you but does no damage. You block the daeva's attack.
GONNNNG!
The apis gores you!!
* * * LOW HITPOINT WARNING * * *
The apis sears you!!
You die...

▓.........▓.......▓
▓▓▓▓▓▓▓▓▓▓▓▓▓▓▓▓▓▓▓
▓...8©8...▓...8©8...▓
▓..=[=:)..▓..)}|[)..▓
▓..}?)}}..▓...)4=|..▓
▓.........▓.........▓
▓.....3...▓.........▓
▓...AYY...▓.........▓
▓...A@....▓...†††...▓
▓.........▓.▓...†.▓.▓
▓.▓.....▓.▓.........▓
▓.........▓▓▓▓▓▓▓▓▓▓▓
▓▓▓▓▓▓▓▓▓▓▓


You could see 2 apis, a daeva, a cherub and a friendly sun demon.

Vanquished Creatures
  3 spriggans (D)
  A spriggan druid (D)
  A worldbinder (D)
  A spiny frog (D)
  4 yaktaurs (D)
  A komodo dragon (D)
  2 air elementals (D)
  2 hell hounds (D)
  3 insubstantial wisps (D)
  2 porcupines (D)
  2 wasps (D)
  2 black bears (D)
  A phantom (D)
  2 necrophages (D)
  A wolf (D)
  3 crimson imps (D)
  A quasit (D)
  An iron imp (D)
  A sheep (D)
  An adder (D)
  2 river rats (D)
  A shadow imp (D)
  A white imp (D)
  An ufetubus (D)
  An adder skeleton (D)
  2 adder zombies (D)
  3 ball pythons (D)
  A bat skeleton (D)
  A jackal (D)
  A ball python skeleton (D)
  2 giant cockroach zombies (D)
  A jackal skeleton (D)
52 creatures vanquished.

Vanquished Creatures (collateral kills)
  An apis (D)
  A black mamba (D)
  An air elemental (D)
  A black bear (D)
  A quasit (D)
5 creatures vanquished.

Grand Total: 57 creatures vanquished

Notes
Turn   | Place    | Note
--------------------------------------------------------------
     0 | D        | Groucho the Demonspawn Fighter began the quest for the Orb.
     0 | D        | Reached XP level 1. HP: 18/18 MP: 1/1
     0 | D        | Found a viscous altar of Jiyva.
     0 | D        | Found a roughly hewn altar of Beogh.
     0 | D        | Found a corrupted altar of Lugonu.
     0 | D        | Found a white marble altar of Elyvilon.
     0 | D        | Found a sparkling altar of Nemelex Xobeh.
     9 | D        | Found a burning altar of Makhleb.
     9 | D        | Found an iron altar of Okawaru.
     9 | D        | Found a deep blue altar of Sif Muna.
     9 | D        | Found a radiant altar of Vehumet.
     9 | D        | Found a bloodstained altar of Trog.
     9 | D        | Found a shimmering altar of Xom.
    63 | D        | Became a worshipper of Makhleb the Destroyer
    77 | D        | Entered arena 1.
    77 | D        | Noticed a crimson imp
    77 | D        | Noticed a crimson imp
    79 | D        | Killed a crimson imp
    79 | D        | Reached skill level 2 in Invocations
    79 | D        | Gained mutation: You have sharp toenails. [demonic ancestry]
    79 | D        | Reached XP level 2. HP: 25/25 MP: 2/4
    79 | D        | Reached XP level 3. HP: 30/30 MP: 2/5
    81 | D        | Reached skill level 3 in Invocations
    81 | D        | Gained mutation: You are partially covered in slimy green scales (AC +2). [demonic ancestry]
    81 | D        | Reached XP level 4. HP: 37/37 MP: 2/6
   219 | D        | Entered arena 2.
   219 | D        | Noticed a hell hound
   222 | D        | Killed a hell hound
   222 | D        | Reached * piety under Makhleb
   222 | D        | Reached skill level 5 in Fighting
   222 | D        | Reached skill level 5 in Invocations
   222 | D        | Reached XP level 5. HP: 44/44 MP: 6/9
   223 | D        | Reached ** piety under Makhleb
   223 | D        | Reached skill level 5 in Armour
   223 | D        | Reached skill level 5 in Shields
   248 | D        | Entered arena 3.
   254 | D        | Reached *** piety under Makhleb
   259 | D        | Entered arena 4.
   259 | D        | Noticed a yaktaur
   259 | D        | Noticed a yaktaur
   259 | D        | Noticed a yaktaur
   259 | D        | Noticed a yaktaur
   263 | D        | Killed a yaktaur
   263 | D        | Reached skill level 5 in Axes
   263 | D        | Reached skill level 5 in Dodging
   263 | D        | Reached skill level 7 in Invocations
   263 | D        | Gained mutation: You have razor-sharp toenails. [demonic ancestry]
   263 | D        | Reached XP level 6. HP: 53/53 MP: 9/11
   264 | D        | Killed a yaktaur
   264 | D        | Reached skill level 8 in Invocations
   264 | D        | Reached XP level 7. HP: 51/60 MP: 9/13
   265 | D        | Killed a yaktaur
   265 | D        | Reached **** piety under Makhleb
   265 | D        | Reached skill level 9 in Invocations
   266 | D        | Killed a yaktaur
   266 | D        | Reached XP level 8. HP: 68/68 MP: 9/15
   305 | D        | Entered arena 5.
   305 | D        | Noticed an air elemental
   305 | D        | Noticed an air elemental
   305 | D        | Noticed an air elemental
   307 | D        | Killed an air elemental
   309 | D        | Reached skill level 10 in Invocations
   313 | D        | Killed an air elemental
   315 | D        | Killed an air elemental
   325 | D        | Got the amulet of Juheug {Harm *Drain rC- MP+9 Dex+7}
   327 | D        | Entered arena 6.
   331 | D        | Reached ***** piety under Makhleb
   337 | D        | Reached XP level 9. HP: 75/75 MP: 16/16
   447 | D        | Entered arena 7.
   447 | D        | Noticed a worldbinder
   453 | D        | Noticed an elephant
   454 | D        | Noticed an elephant
   455 | D        | Killed a worldbinder
   455 | D        | Reached skill level 11 in Invocations
   463 | D        | Entered arena 8.
   465 | D        | Reached ****** piety under Makhleb
   480 | D        | Got the +2 cloak "Qycyes" {Regen+ Dex+3}
   488 | D        | Entered arena 9.
   488 | D        | Noticed a spriggan druid
   488 | D        | Noticed a spriggan rider
   488 | D        | Noticed a spriggan rider
   493 | D        | Killed a spriggan rider
   493 | D        | Reached skill level 10 in Fighting
   494 | D        | Killed a spriggan druid
   494 | D        | Reached skill level 12 in Invocations
   494 | D        | Gained mutation: You are slightly more attuned to the shadows. [demonic ancestry]
   494 | D        | Reached XP level 10. HP: 85/85 MP: 17/19
   506 | D        | Entered arena 10.
   508 | D        | Noticed a black mamba
   508 | D        | Noticed a spiny frog
   513 | D        | Killed a black mamba
   513 | D        | Reached skill level 10 in Armour
   515 | D        | Killed a spiny frog
   515 | D        | Reached skill level 10 in Shields
   515 | D        | Reached skill level 13 in Invocations
   559 | D        | Entered arena 11.
   562 | D        | Noticed an apis
   562 | D        | Noticed an apis
   563 | D        | Noticed a daeva
   563 | D        | Noticed a cherub
   563 | D        | Noticed an apis
   565 | D        | HP: 2/86 [apis (30)]
   566 | D        | Killed an apis
   571 | D        | HP: 1/87 [apis (34)]
   571 | D        | Annihilated by an apis

Skill      XL: |  1  2  3  4  5  6  7  8  9 10 |
---------------+-------------------------------+-----
Axes           | 2 3 4 5 6 7 9 |  9.9
Armour         | 3 4 6 7 8 9 10 | 10.2
Dodging        | 2 3 5 6 7 8 9 |  9.7
Shields        | 3 4 6 7 8 9 10 | 10.1
Invocations    | 2 3 5 7 8 9 10 12 13 | 13.2
Fighting       | 4 5 6 7 8 10 11 | 11.0

Action                   |  1- 3 |  4- 6 |  7- 9 | 10-12 || total
-------------------------+-------+-------+-------+-------++-------
Melee: Broad axe         |     2 |    11 |    37 |    18 ||    68
       Kick              |       |     3 |    11 |     7 ||    21
Invok: Greater Servant o |       |       |       |     2 ||     2
  Use: Potion            |       |       |       |     3 ||     3
Armor: Plate armour      |       |     5 |    49 |    10 ||    64
Dodge: Dodged            |       |     1 |     9 |     4 ||    14
Block: Shield            |       |    16 |    96 |    33 ||   145
